 Dungeon Crawl Stone Soup version 0.13-a0-1536-gedae9ec (webtiles) character file.

715 Kae the Cudgeler (level 7, -2/70 HPs)
             Began as an Ogre Chaos Knight on June 9, 2013.
             Was a Plaything of Xom.
             Slain by TZer0's ghost (7 damage)
             ... on Level 4 of the Dungeon.
             The game lasted 00:05:50 (3135 turns).

Kae the Cudgeler (Ogre Chaos Knight)                Turns: 3135, Time: 00:05:50

HP  -2/70        AC  6     Str 19      XL: 7   Next: 32%
MP   7/7         EV 10     Int 11      God: Xom
Gold 150         SH  0     Dex  8      Spells:  0 memorised,  6 levels left

Res.Fire  : . . .   See Invis. : .   a - +0 mace (chaos)
Res.Cold  : . . .   Warding    : .   b - +2 robe
Life Prot.: . . .   Conserve   : .   (shield restricted)
Res.Poison: .       Res.Corr.  : .   (helmet restricted)
Res.Elec. : .       Clarity    : .   w - +0 cloak (curse)
Sust.Abil.: . .     Spirit.Shd : .   (gloves unavailable)
Res.Mut.  : .       Stasis     : .   (boots unavailable)
Res.Rott. : .       Flight     : .   (no amulet)
Saprovore : + . .                    (no ring)
                                     (no ring)

@: slightly resistant to hostile enchantments, very unstealthy
A: unfitting armour, fast metabolism 1, saprovore 1, tough skin 1, Dex -2
a: Renounce Religion


You were on level 4 of the Dungeon.
You worshipped Xom.
You were a special plaything of Xom.
You were starving.

You visited 1 branch of the dungeon, and saw 4 of its levels.

You collected 130 gold pieces.

Inventory:

Hand weapons
 a - a +0,+0 mace of chaos (weapon)
Armour
 b - a +2 robe (worn)
 p - a +1 winged helmet
 v - a +1 cloak
 w - a cursed +0 cloak (worn)
Magical devices
 l - a wand of polymorph (4)
Comestibles
 c - 3 meat rations
 t - 2 apples
Scrolls
 d - 2 scrolls of fear {unknown}
 e - 2 scrolls of blinking {unknown}
 h - a scroll of noise {unknown}
 k - 3 scrolls of identify {unknown}
 m - a scroll of teleportation {unknown}
 n - a scroll of magic mapping {unknown}
 u - 2 scrolls of enchant armour {unknown}
 y - a scroll of fog {unknown}
Jewellery
 s - a cursed -2 ring of intelligence {unknown}
 z - an uncursed ring of sustenance {unknown}
Potions
 f - a potion of cure mutation {unknown}
 g - a potion of curing
 i - a potion of flight {unknown}
 j - 2 potions of invisibility {unknown}
 o - a potion of agility {unknown}
 q - a potion of restore abilities {unknown}
 r - 2 potions of heal wounds {unknown}
 x - 2 potions of mutation {unknown}
 A - a potion of brilliance {unknown}


   Skills:
 + Level 6.8 Fighting
 + Level 7.2 Maces & Flails
 + Level 4.3 Dodging


You had 6 spell levels left.
You didn't know any spells.

Dungeon Overview and Level Annotations

Branches:
Dungeon (4/27)
 Temple: D:4-7

Altars:
the Shining One

Annotations
D:4 TZer0's ghost, average GrEE


Innate Abilities, Weirdness & Mutations

You are too large for most types of armour.
You have a fast metabolism.
You can tolerate rotten meat.
You have tough skin (AC +1).
You are clumsy (Dex -2).


Message History

No target in view!
Unknown command.
No target in view!
No target in view!
No target in view!
Unknown command.
You hit it. You burn it. It hits you!
You miss it.
You are starving!
It hits you! It hits you but does no damage.
You hit it but do no damage. It hits you.
You hit it.
You hear some strange, mumbled words.
The stone arrow hits you!
* * * LOW HITPOINT WARNING * * *
It completely misses you.
You barely miss it. It hits you!
You die... "What!?
That's it?"

######## #......#
#......# # #......#
### ###.###......#
#.. #............#
#.. ##....{..)....#
#.. ........@.....#
#..
...#+###......#######
#.. ......#..)......#
#..
.......#..)......#
#..
........#.........#
#..
.......#.........#
#..
.......#.........#
#..
...####.........#####
+..............


There were no monsters in sight!

Vanquished Creatures
  Grinder (D:3)
  Sigmund (D:2)
  Crazy Yiuf (D:3)
  An orc priest (D:4)
  3 orc wizards
  A green rat (D:3)
  5 adders
  A shadow imp (D:3)
  A giant mite (D:1)
  2 worms
  2 oozes (D:3)
  6 orcs
  A ball python (D:3)
  10 bats
  A giant cockroach (D:3)
  11 goblins
  10 hobgoblins
  6 kobolds
  A giant newt (D:2)
  A kobold skeleton (D:4)
  5 rats
71 creatures vanquished.

Vanquished Creatures (collateral kills)
  Terence (D:2)
  An adder (D:2)
  A giant newt (D:2)
3 creatures vanquished.

Vanquished Creatures (others)
  An adder (D:3)
1 creature vanquished.

Grand Total: 75 creatures vanquished

Notes
Turn   | Place    | Note
--------------------------------------------------------------
     0 | D:1      | Kae, the Ogre Chaos Knight, began the quest for the Orb.
     0 | D:1      | Reached XP level 1. HP: 20/20 MP: 1/1
    69 | D:1      | XOM: harmless Chrm miscast
    92 | D:1      | XOM: potion effect (brilliance)
    94 | D:1      | Reached XP level 2. HP: 29/29 MP: 2/2
   168 | D:1      | Found a glowing golden altar of the Shining One.
   535 | D:1      | XOM: silly message
   569 | D:1      | XOM: silly message
   668 | D:2      | Noticed Terence
   671 | D:2      | XOM: summons 2 friendly demons
   677 | D:2      | Reached XP level 3. HP: 28/36 MP: 3/3
   692 | D:2      | Killed Terence
   882 | D:2      | Reached skill level 5 in Maces & Flails
  1118 | D:2      | Reached XP level 4. HP: 43/45 MP: 4/4
  1251 | D:2      | XOM: god gift: winged helmet {god gift}
  1342 | D:2      | Noticed Sigmund
  1343 | D:2      | XOM: swap monsters
  1357 | D:3      | Reached skill level 5 in Fighting
  1455 | D:3      | XOM: summons 3 hostile shadow creatures
  1706 | D:2      | Killed Sigmund
  1706 | D:2      | Reached XP level 5. HP: 47/53 MP: 5/5
  1823 | D:2      | XOM: mild Necr miscast
  2017 | D:3      | Noticed Crazy Yiuf
  2021 | D:3      | XOM: divination: detect items
  2024 | D:3      | Killed Crazy Yiuf
  2024 | D:3      | Reached skill level 6 in Maces & Flails
  2300 | D:3      | Noticed Grinder
  2301 | D:3      | Paralysed by Grinder for 7 turns
  2303 | D:3      | XOM: confuse monster(s)
  2313 | D:3      | XOM: swap monsters
  2318 | D:3      | XOM: cast spell 'Statue Form'
  2320 | D:3      | Paralysed by Grinder for 3 turns
  2324 | D:3      | Killed Grinder
  2324 | D:3      | Reached XP level 6. HP: 32/62 MP: 6/6
  2496 | D:3      | XOM: give mutations
  2496 | D:3      | Gained mutation: You are clumsy (Dex -1). [Xom's mischief]
  2496 | D:3      | Gained mutation: You are clumsy (Dex -2). [Xom's mischief]
  2509 | D:3      | Reached XP level 7. HP: 37/70 MP: 7/7
  2668 | D:3      | Reached skill level 7 in Maces & Flails
  2842 | D:3      | XOM: summons 1 hostile demon
  3107 | D:4      | XOM: enchant monster (good)
  3121 | D:4      | Noticed TZer0's ghost (average GrEE)
  3123 | D:4      | XOM: mild Erth miscast
  3135 | D:4      | Slain by TZer0's ghost

Action                   |  1- 3 |  4- 6 |  7- 9 || total
-------------------------+-------+-------+-------++-------
Melee: Mace              |    98 |    93 |    82 ||   273
       Unarmed           |    14 |       |       ||    14
  Use: Potion            |       |     1 |       ||     1
 Stab: Petrifying        |     2 |     1 |       ||     3
       Petrified         |     1 |       |     2 ||     3
       Paralysed         |       |     1 |       ||     1
       Confused          |       |     1 |       ||     1
